 Dungeon Crawl Stone Soup version 0.30-a0-782-ge64f9170bb (webtiles) character file.

Game seed: 4941640820644935525

63648 HoaS the Marksgargoyle (level 15, -9/103 HPs)
             Began as a Gargoyle Hunter on Mar 11, 2023.
             Was the Champion of Zin.
             Mangled by a freezing wraith (10 damage)
             ... led by a death knight
             ... on level 13 of the Dungeon.
             The game lasted 00:47:24 (22536 turns).

HoaS the Marksgargoyle (Gargoyle Hunter)           Turns: 22536, Time: 00:47:24

Health: -9/103     AC: 31    Str: 19      XL:     15   Next: 10%
Magic:  20/20      EV: 21    Int:  7 (11) God:    Zin [******]
Gold:   374        SH:  0    Dex: 21      Spells: 14/14 levels left

rFire   . . .      SeeInvis .    J - +0 arbalest
rCold   . . .      Faith    .    (shield currently unavailable)
rNeg    + . .      Spirit   .    B - +3 troll leather armour {Snorg}
rPois   ∞          Reflect  .    C - +0 helmet
rElec   +          Harm     .    j - +0 cloak
rCorr   .          Rampage  .    c - +0 pair of gloves
Will    +....                    D - +1 pair of boots of the Modern Lobster {Regen+}
Stlth   ++                       (no amulet)
HPRegen 1.97/turn                f - +4 ring of protection
MPRegen 0.17/turn                l - +4 ring of protection

@: vitalised, on recite cooldown, flying
A: sickness immunity, AC +11, big wings, negative energy resistance 1,
electricity resistance, torment resistance 1, petrification resistance
a: Renounce Religion, Recite, Vitalisation, Imprison, Sanctuary, Donate Gold


You were on level 13 of the Dungeon.
You worshipped Zin.
Zin was exalted by your worship.
You visited 4 branches of the dungeon, and saw 21 of its levels.
You also visited: Sewer.

You collected 2759 gold pieces.
You spent 2164 gold pieces at shops.
You donated 221 gold pieces to Zin.

Inventory:

Hand Weapons
 J - a +0 arbalest (weapon)
Armour
 a - a +1 pair of gloves
 c - a +0 pair of gloves (worn)
 j - a +0 cloak (worn)
 B - a +3 troll leather armour (worn) {Snorg}
 C - a +0 helmet (worn)
 D - the +1 pair of boots of the Modern Lobster (worn) {Regen+}
   (You bought it in a shop on level 2 of the Orcish Mines)

   Regen:     It increases your rate of health regeneration.
 F - the +5 pearl dragon scales of Painted Salvation {rC++ rN+ Will+ Dex+2}
   (You bought it in a shop on level 2 of the Orcish Mines)

   Dex:       It affects your dexterity (+2).
   rC:        It greatly protects you from cold.
   rN:        It protects you from negative energy.
   Will:      It increases your willpower.
Jewellery
 f - a +4 ring of protection (left hand)
 l - a +4 ring of protection (right hand)
 n - a +4 ring of protection
 r - a ring of see invisible
 s - a ring of resist corrosion
 x - a ring of willpower
 y - a ring of protection from cold
 E - a ring of ice
 G - a ring of positive energy
 H - a +6 ring of dexterity
Wands
 k - a wand of flame (10)
 q - a wand of paralysis (9)
 t - a wand of iceblast (12)
 w - a wand of acid (16)
 A - a wand of mindburst (10)
Scrolls
 b - 3 scrolls of immolation
 d - 6 scrolls of vulnerability
 h - 10 scrolls of teleportation
 m - a scroll of magic mapping
 u - 8 scrolls of identify
 v - 2 scrolls of poison
 z - a scroll of blinking
Potions
 e - 19 potions of curing
 g - 8 potions of flight
 i - 7 potions of mutation
 o - 2 potions of resistance
 p - 2 potions of attraction
 I - a potion of haste


   Skills:
 - Level 15.5 Fighting
 + Level 16.3 Ranged Weapons
 - Level 12.2 Dodging
 - Level 1.1 Stealth
 - Level 7.1 Invocations


You had 14 spell levels left.
You didn't know any spells.
Your spell library contained the following spells:

 Spells                   Type           Power      Damage    Failure   Level
 Frozen Ramparts          Ice            0%         1d1       86%         3
 Kindle Blastsparks       Fire/Tloc/Air  0%         2d10      86%         3
 Ozocubu's Armour         Ice            0%         N/A       86%         3
 Tukima's Dance           Hex            0%         N/A       86%         3
 Fulminant Prism          Conj/Hex       0%         3d5       99%         4
 Ice Form                 Ice/Tmut       0%         N/A       99%         4
 Iskenderun's Mystic Bla  Conj/Tloc      0%         2d3       99%         4
 Passage of Golubria      Tloc           0%         N/A       99%         4
 Summon Ice Beast         Ice/Summ       0%         N/A       99%         4
 Fireball                 Conj/Fire      0%         3d3       100%        5
 Freezing Cloud           Conj/Ice/Air   0%         6-21      100%        5
 Iskenderun's Battlesphe  Conj           0%         2d6       100%        5
 Lee's Rapid Deconstruct  Erth           0%         3d4*      100%        5
 Metabolic Englaciation   Hex/Ice        0%         N/A       100%        5
 Summon Forest            Summ/Tloc      0%         N/A       100%        5
 Summon Mana Viper        Hex/Summ       0%         N/A       100%        5
 Yara's Violent Unravell  Hex/Tmut       0%         3d3       100%        5
 Conjure Ball Lightning   Conj/Air       0%         3x3d6     100%        6
 Eringya's Noxious Bog    Tmut/Pois      0%         N/A       100%        6
 Simulacrum               Ice/Necr       0%         N/A       100%        6
 Summon Cactus Giant      Summ           0%         N/A       100%        6
 Orb of Destruction       Conj           0%         9d5       100%        7
 Ozocubu's Refrigeration  Ice            0%         4d7       100%        7
 Summon Hydra             Summ           0%         N/A       100%        7
 Polar Vortex             Ice            0%         N/A       100%        9


Dungeon Overview and Level Annotations

Branches:
Dungeon (13/15)            Temple (1/1) D:4            Lair (5/5) D:10
 Shoals (0/4) Lair:2       Spider (0/4) Lair:2        Slime (0/5) Lair:5
    Orc (2/2) D:10            Elf (0/3) Orc:2         Sewer (visited)
 Vaults: D:13-14

Altars:
Ashenzari
Cheibriados
Dithmenos
Elyvilon
Fedhas
Gozag
Hepliaklqana
Kikubaaqudgha
Makhleb
Nemelex Xobeh
Okawaru
Qazlal
Ru
Sif Muna
Trog
Uskayaw
Vehumet
Wu Jian
Xom
Yredelemnul
Zin
The Shining One

Shops:
D:1 !   D:7 (   D:12 [   Orc:2 !(([

Portals:
Trove: D:12 (give 7 scrolls of fear)


Innate Abilities, Weirdness & Mutations

You are immune to sickness and miasma.
Your stone body is resilient. (AC +11)
You are immune to poison.
Your large and strong wings let you fly.
You resist negative energy. (rN+)
You are resistant to electric shocks. (rElec)
You are resistant to unholy torment.
You are immune to petrification.


Message History

You destroy the skeletal warrior!
Zin accepts your kill. The death knight completely misses you.
You feel your intelligence returning. The death knight completely misses you.
You see here a +0 heavy dire flail.
You shoot a bolt. The bolt hits the death knight.
The death knight is lightly wounded.
The death knight offers itself to Yredelemnul, and fills with unholy energy.
You shoot a bolt.
The bolt barely misses the death knight.
The bolt closely misses the freezing wraith.
The death knight closely misses you.
You shoot a bolt. The bolt hits the death knight!
The death knight is moderately wounded.
The death knight reflects your damage back at you!
The death knight completely misses you.
You shoot a bolt. The bolt hits the death knight!
The death knight is heavily wounded.
The death knight reflects your damage back at you!
The death knight hits you but does no damage.
You shoot a bolt. The bolt hits the death knight!!
The death knight is severely wounded.
The death knight reflects your damage back at you!
The death knight hits you but does no damage.
You shoot a bolt. The bolt hits the death knight!!
The death knight is almost dead.
The death knight reflects your damage back at you!
The death knight hits you with a +1 glaive.
* * * LOW HITPOINT WARNING * * *
You shoot a bolt. The bolt hits the death knight.
You kill the death knight!
Your damage is reflected back at you!
* * * LOW HITPOINT WARNING * * *
The freezing wraith hits you.
* * * LOW HITPOINT WARNING * * *
The freezing wraith freezes you!!
* * * LOW HITPOINT WARNING * * *
The freezing wraith hits you!
You die...

#.#.p######.....##..#.).#
#.........########..#..)#####
#.....[...# ####..####.....
#.........# #........#.#...
#.......p.# ##.......#.#...
#.....###.######.......#.....
#.........#...........)#....#
#.........######.......#.#..#
#..........W@..#.......#.#..#
#..........###.#.......#.#..#
#..........# #.'.......#....#
#.##.......###.#.......#....#
#..............#.##..###....#
#.....######...####..# ##....
.###. +.#.# ..# .### # #...#
.# .# #...#


You could see a freezing wraith.

Vanquished Creatures
  An orc warlord (Orc:2)
  Snorg (Lair:4)
  Josephine (D:11)
  3 hydras
  A death knight (D:13)
  A catoblepas (Lair:4)
  7 death yaks
  3 two-headed ogres
  2 boulder beetles (D:12)
  9 orc high priests
  Amaemon (D:10)
  4 skeletal warriors (D:13)
  A skyshark (Lair:5)
  Pikel (D:7)
  An orc knight (D:10)
  An ugly thing (D:12)
  An oklob plant (Lair:5)
  A manticore (D:12)
  An orc sorcerer (Orc:1)
  3 cyclopes
  4 black mambas
  2 merfolk sirens (Lair:2)
  An orange demon (D:11)
  2 torpor snails
  9 cane toads
  2 gargoyles (D:12)
  4 rime drakes
  3 unseen horrors
  Psyche (D:8)
  3 komodo dragons
  An unseen horror zombie (D:8)
  A komodo dragon (shapeshifter) (D:13)
  4 trolls
  2 polar bears
  A meliai (Lair:2)
  A hornet (D:11)
  2 merfolk (Lair:2)
  11 dream sheep
  Prince Ribbit (D:5)
  Grinder (D:4)
  13 blink frogs
  A centaur simulacrum (D:12)
  8 spriggans (Lair:2)
  7 wraiths
  Eustachio (D:7)
  A vampire (D:11)
  50 yaks
  4 wyverns
  4 basilisks
  2 steam dragons
  5 vampire mosquitoes
  4 acid dragons
  6 wargs
  Edmund (D:6)
  Menkaure (D:6)
  13 water moccasins
  Duvessa (D:7)
  2 swamp drakes
  5 black bears
  A sky beast (D:7)
  19 orc warriors
  13 wolves
  9 centaurs
  2 ogres
  A phantom (D:5)
  4 lemures
  13 bullfrogs
  Blork the orc (D:8)
  2 kobold brigands
  4 necrophages
  2 gnoll sergeants
  A wyvern zombie (D:8)
  2 scorpions
  6 wights
  Dowan (D:7)
  13 killer bees
  3 howler monkeys
  2 electric eels
  A lava snake (Lair:2)
  A centaur zombie (D:8)
  A human zombie (D:8)
  37 orc priests
  3 jellies
  Crazy Yiuf (D:4)
  A gnoll bouda (D:5)
  A hound (D:5)
  8 iguanas
  14 orc wizards
  A malarious merfolk avatar (Sewer)
  A sickly merfolk siren (Sewer)
  A killer bee zombie (D:8)
  3 mummies (D:8)
  10 gnolls
  15 adders
  A river rat (Sewer)
  A shadow imp (D:7)
  3 white imps
  An ufetubus (D:3)
  2 worms
  87 orcs
  5 bats
  6 endoplasms
  5 giant cockroaches
  6 goblins
  8 hobgoblins
  2 jackals (D:1)
  14 kobolds
  7 quokkas
  9 ball pythons
  7 frilled lizards
  23 rats
614 creatures vanquished.

Vanquished Creatures (others)
  A wizard (D:5)
  2 gnolls (D:6)
  An orc (D:8)
  13 fungi
  46 plants
63 creatures vanquished.

Grand Total: 677 creatures vanquished

Notes
Turn   | Place    | Note
-------+----------+-------------------------------------------
     0 | D:1      | HoaS the Gargoyle Hunter began the quest for the Orb.
     0 | D:1      | Reached XP level 1. HP: 12/12 MP: 1/1
   302 | D:1      | Reached XP level 2. HP: 17/17 MP: 2/2
   369 | D:1      | Found Etymuov's Distillery.
   911 | D:2      | Identified a scroll of acquirement
   911 | D:2      | Acquired 804 gold pieces
   942 | D:1      | Bought a potion of curing for 42 gold pieces
   942 | D:1      | Bought a potion of curing for 42 gold pieces
   983 | D:2      | Reached skill level 5 in Ranged Weapons
   983 | D:2      | Reached XP level 3. HP: 20/21 MP: 3/3
  1141 | D:2      | Reached XP level 4. HP: 26/26 MP: 4/4
  2250 | D:3      | Reached skill level 6 in Ranged Weapons
  2295 | D:4      | Reached XP level 5. HP: 30/30 MP: 5/5
  2468 | D:4      | Found a staircase to the Ecumenical Temple.
  2482 | Temple   | Entered the Ecumenical Temple
  2809 | Temple   | Became a worshipper of Zin the Law-Giver
  2809 | Temple   | Reached * piety under Zin
  2809 | Temple   | Reached ** piety under Zin
  2860 | D:4      | Reached skill level 1 in Invocations
  2920 | D:4      | Noticed Grinder
  2920 | D:4      | Paralysed by Grinder for 4 turns
  2933 | D:4      | Killed Grinder
  2934 | D:4      | Reached skill level 7 in Ranged Weapons
  2934 | D:4      | Reached XP level 6. HP: 35/35 MP: 5/7
  3028 | D:4      | Found a runed translucent door.
  3029 | D:4      | Noticed Crazy Yiuf
  3118 | D:4      | Reached XP level 7. HP: 40/40 MP: 9/9
  3195 | D:4      | Found a burning altar of Makhleb.
  3262 | D:4      | Killed Crazy Yiuf
  3292 | D:5      | Entered Level 5 of the Dungeon
  3313 | D:5      | Noticed Prince Ribbit
  3319 | D:5      | Reached skill level 8 in Ranged Weapons
  3330 | D:5      | Killed Prince Ribbit
  3380 | D:5      | Reached XP level 8. HP: 44/44 MP: 11/11
  3392 | D:5      | Reached skill level 9 in Ranged Weapons
  3720 | D:5      | Found a bloodstained altar of Trog.
  3729 | D:5      | Noticed a wizard
  3731 | D:5      | Killed a wizard
  3773 | D:5      | Reached skill level 10 in Ranged Weapons
  3817 | D:5      | Found a shimmering altar of Xom.
  4158 | D:6      | Found a broken altar of Ashenzari.
  4267 | D:6      | Found a glowing drain.
  4274 | D:6      | Noticed Edmund
  4304 | D:6      | Killed Edmund
  4305 | D:6      | Reached skill level 11 in Ranged Weapons
  4309 | D:6      | Reached XP level 9. HP: 17/48 MP: 10/12
  4347 | Sewer    | Entered a sewer
  4531 | Sewer    | Reached *** piety under Zin
  4662 | Sewer    | Identified the +4 great mace "Liewni" {elec, rC++ rCorr
                  | Str-2 Stlth+}
  4816 | D:6      | Noticed Menkaure
  4830 | D:6      | Killed Menkaure
  4908 | D:6      | Reached skill level 12 in Ranged Weapons
  4939 | D:6      | Found a white marble altar of Elyvilon.
  4942 | D:6      | Found a stormy altar of Qazlal.
  5036 | D:6      | Reached **** piety under Zin
  5172 | D:6      | Found a blossoming altar of Fedhas.
  5781 | D:7      | Noticed a cyclops
  5809 | D:7      | Killed a cyclops
  5810 | D:7      | Reached skill level 13 in Ranged Weapons
  5872 | D:7      | Found Hixt's Antique Weapon Boutique.
  6347 | D:7      | Noticed Dowan
  6365 | D:7      | Killed Dowan
  6366 | D:7      | Reached XP level 10. HP: 43/53 MP: 13/13
  6380 | D:7      | Noticed Duvessa
  6398 | D:7      | Killed Duvessa
  6678 | D:8      | Noticed Blork the orc
  6680 | D:8      | Noticed Eustachio
  6699 | D:7      | Killed Eustachio
  6700 | D:7      | Reached skill level 14 in Ranged Weapons
  6903 | D:8      | Noticed Psyche
  6923 | D:8      | Killed Psyche
  7119 | D:8      | Reached ***** piety under Zin
  7366 | D:8      | Killed Blork the orc
  7602 | D:8      | Noticed Pikel
  7868 | D:7      | Killed Pikel
  7869 | D:7      | Reached skill level 15 in Ranged Weapons
  8101 | D:8      | Found a basalt altar of Yredelemnul.
  8338 | D:9      | Found a sparkling altar of Nemelex Xobeh.
  9058 | D:10     | Entered Level 10 of the Dungeon
  9116 | D:10     | Killed an unseen horror
  9117 | D:10     | Reached skill level 16 in Ranged Weapons
  9117 | D:10     | Reached XP level 11. HP: 33/58 MP: 14/14
  9514 | D:10     | Noticed a two-headed ogre
  9524 | D:10     | Killed a two-headed ogre
  9668 | D:10     | Found a staircase to the Lair.
  9673 | D:10     | Identified the +7 war axe "Weeny" {spect, rElec rCorr}
  9988 | Lair:1   | Entered Level 1 of the Lair of Beasts
 10116 | Lair:1   | Reached skill level 5 in Invocations
 10200 | Lair:1   | Reached skill level 5 in Fighting
 11202 | Lair:2   | Reached skill level 5 in Dodging
 11229 | Lair:2   | Reached ****** piety under Zin
 11475 | Lair:2   | Found a hole to the Spider Nest.
 11530 | Lair:2   | Reached XP level 12. HP: 72/72 MP: 16/16
 11532 | Lair:2   | Found a staircase to the Shoals.
 12749 | Lair:3   | You fall into a shaft and drop 2 floors!
 12749 | Lair:5   | Entered Level 5 of the Lair of Beasts
 13178 | Lair:3   | Reached skill level 10 in Fighting
 13296 | Lair:3   | Noticed a death yak
 13336 | Lair:2   | Killed a death yak
 13337 | Lair:2   | Reached XP level 13. HP: 31/83 MP: 18/18
 14686 | Lair:4   | Noticed Snorg
 14710 | Lair:4   | Killed Snorg
 15789 | Lair:5   | Reached skill level 10 in Dodging
 16071 | Lair:5   | Identified the +9 dagger of the End of Times {elec, rN+}
 16395 | Lair:5   | Found a stormy altar of Qazlal.
 16520 | Lair:5   | Gained mutation: Your large and strong wings let you fly.
                  | [Gargoyle growth]
 16520 | Lair:5   | Reached XP level 14. HP: 94/94 MP: 19/19
 16707 | Lair:5   | Found a staircase to the Slime Pits.
 17211 | D:11     | Noticed Amaemon
 17242 | D:10     | Killed Amaemon
 17788 | D:11     | Noticed Josephine
 17801 | D:11     | Killed Josephine
 18024 | D:12     | Found Ongufare's Antique Armour Shoppe.
 18126 | D:12     | Found a portal to a secret trove of treasure.
 19269 | D:10     | Found the +6 shillelagh "Devastator" {shatter}
 19293 | D:10     | Found a staircase to the Orcish Mines.
 19531 | Orc:1    | Entered Level 1 of the Orcish Mines
 19953 | Orc:2    | Entered Level 2 of the Orcish Mines
 20393 | Orc:2    | Noticed an orc warlord
 20884 | Orc:2    | Reached skill level 15 in Fighting
 21511 | Orc:2    | Found Feixess's Antique Weapon Shop.
 21511 | Orc:2    | Found Imo Wyimp's Distillery.
 21640 | Orc:2    | Killed an orc warlord
 21641 | Orc:2    | Reached XP level 15. HP: 83/103 MP: 20/20
 21717 | Orc:2    | Found a staircase to the Elven Halls.
 21838 | Orc:2    | Found Hyuk's Armour Shop.
 21838 | Orc:2    | Found Ekecsih's Weapon Emporium.
 21862 | Orc:2    | Bought the +1 pair of boots of the Modern Lobster {Regen+}
                  | for 198 gold pieces
 21862 | Orc:2    | Bought the +5 pearl dragon scales of Painted Salvation
                  | {rC++ rN+ Will+ Dex+2} for 1648 gold pieces
 21892 | Orc:2    | Bought an arbalest for 144 gold pieces
 21901 | Orc:2    | Bought a potion of curing for 30 gold pieces
 21901 | Orc:2    | Bought a potion of curing for 30 gold pieces
 21901 | Orc:2    | Bought a potion of curing for 30 gold pieces
 22536 | D:13     | HP: 1/103 [freezing wraith[a death knight] (19)]
 22536 | D:13     | Mangled by a freezing wraith

Illustrated notes

Levels and vault maps discovered:
D:1:      elethiomel_arrival_infinity_welcomes_careful_drivers, layout_basic,
          serial_shops, shop, minmay_pentomino_x4
D:2:      layout_basic
D:3:      layout_basic, minmay_pentangle
D:4:      layout_cave_pools, lightli_temple_of_fire,
          minmay_temple_entry_water_ring, uniq_grinder, uniq_crazy_yiuf_cottage
D:5:      layout_basic, trog_wizard, dk_xom_monty_hall, uniq_prince_ribbit1
D:6:      lemuel_ice_spiral_2, layout_basic, mainiacjoe_overflow_24_doors,
          mainiacjoe_overflow_tiny_flanked, nicolae_overflow_hidden_temple,
          gup_sewer_entry_glass, palyth_stone_intersect, uniq_menkaure,
          uniq_edmund
D:7:      layout_gridville, serial_shops, nicolae_lakefront_shop, uniq_duvessa
D:8:      cheibrodos_quashed, layout_loops_ring,
          lemuel_mausoleum_altar_yredelemnul, enter_bailey_8, sword_in_stone,
          uniq_psyche, uniq_pikel
D:9:      layout_cave_pods, nemelex_spade_bored_becter
D:10:     layout_basic, lair_entry_dummy, erik_orc_1
D:11:     layout_roguey, uniq_josephine, uniq_amaemon
D:12:     layout_cave_pods, serial_shops, nicolae_take_the_stairs,
          nicolae_trove_entry_crossroad
D:13:     layout_stronghold, david_vaults_3, minmay_checkered_concentric_circles
Temple:   compressed_dpeg_triangle_lava_temple
Lair:1:   hellmonk_ruined_rings, layout_loops_ring, columned_hall_lemuel
Lair:2:   kb_forest_paths, layout_gridlike, elwin_shoals_entry_stream,
          hellmonk_spider_entry_not_the_bees
Lair:3:   layout_concentric_octagons, nicolae_quartered_pool_super
Lair:4:   layout_roguey, uniq_snorg
Lair:5:   guppyfry_lair_end_dragon, layout_layer_cave,
          minmay_slime_entry_oklob_enclosed, lemuel_centaur_altar,
          grunt_megastairs_4, serial_bayou_shore_b, infiniplex_staircase_pool,
          lemuel_fruit_fields
Orc:1:    layout_caves
Orc:2:    st_orc_town, layout_caves

Skill      XL: |  1  2  3  4  5  6  7  8  9 10 11 12 13 14 |
---------------+-------------------------------------------+-----
Ranged Weapons | 5 6 7 8 11 13 16 | 16.3
Invocations    | 2 4 6 7 |  7.1
Dodging        | 5 8 10 12 | 12.2
Fighting       | 7 10 13 15 | 15.5
Stealth        | |  1.1

Action                     |  1- 3 |  4- 6 |  7- 9 | 10-12 | 13-15 || total
---------------------------+-------+-------+-------+-------+-------++-------
  Melee: Unarmed           |       |       |       |     4 |       ||     4
   Fire: Shortbow          |    99 |   114 |   427 |   950 |  1543 ||  3133
         Arbalest          |       |       |       |       |    49 ||    49
 Invoke: Vitalisation      |       |       |     2 |     3 |     5 ||    10
         Recite            |       |       |     2 |     2 |     3 ||     7
  Evoke: Wand              |       |     1 |       |     1 |       ||     2
    Use: Scroll            |     7 |    11 |     4 |     4 |     3 ||    29
         Potion            |       |       |     2 |     1 |     3 ||     6
 Armour: Leather armour    |    18 |    14 |    90 |   209 |    24 ||   355
         Troll leather arm |       |       |       |       |   300 ||   300
  Dodge: Dodged            |    15 |    16 |   112 |   275 |   592 ||  1010

Table legend: (Time is in decaauts)
 A = Elapsed time spent in this place.
 B = Non-inter-level travel time spent in this place.
 C = Inter-level travel time spent in this place.
 D = Time resting spent in this place.
 E = Time spent auto-exploring this place.
 F = Levels seen in this place.
 G = Mean time per level.
                   A        B        C        D        E       F      G
               +--------+--------+--------+--------+--------+-----+--------+
         Total |  22005 |  20944 |   1061 |   4645 |  12033 |  22 | 1000.2 |
       Dungeon |  12176 |  11513 |    663 |   1588 |   7695 |  13 |  936.6 |
        Temple |    345 |    312 |     33 |      0 |    294 |   1 |  345.0 |
          Lair |   6906 |   6670 |    236 |   2234 |   3134 |   5 | 1381.2 |
  Orcish Mines |   2170 |   2041 |    129 |    734 |    710 |   2 | 1085.0 |
         Sewer |    407 |    407 |      0 |     89 |    200 |   1 |  407.0 |
               +--------+--------+--------+--------+--------+-----+--------+

Top non-repeatable levels by time:
  Lair:2: 2073 daAuts
    D:10: 1812 daAuts
   Orc:2: 1672 daAuts
  Lair:5: 1604 daAuts
     D:7: 1465 daAuts
  Lair:3: 1209 daAuts
  Lair:4: 1164 daAuts
     D:8: 1160 daAuts
     D:1: 963 daAuts
     D:6: 962 daAuts
     D:5: 860 daAuts
  Lair:1: 854 daAuts
     D:3: 848 daAuts
     D:9: 831 daAuts
    D:12: 817 daAuts
